 Dungeon Crawl Stone Soup version 0.29.1-1-gd02db6906a (webtiles) character file.

Game seed: 17351350859249795651

3250 Zeld the Cleaver (level 9, -4/100 (121) HPs)
             Began as a Minotaur Berserker on Oct 20, 2022.
             Was a Priest of Trog.
             Slain by a gnoll
             ... wielding a +0 halberd of electrocution
              (5 damage)
             ... in a bailey.
             The game lasted 00:09:25 (9517 turns).

Zeld the Cleaver (Minotaur Berserker)               Turns: 9517, Time: 00:09:26

HP:   -4/100 (121)  AC: 16    Str: 26    XL:     9   Next: 67%
MP:   8/8           EV:  9    Int:  4    God:    Trog [***...]
Gold: 352           SH:  0    Dex: 10    Spells: 8/8 levels left

rFire   . . .      SeeInvis .   a - +0 war axe
rCold   . . .      Faith    .   (no shield)
rNeg    . . .      Spirit   .   b - +0 plate armour
rPois   .          Reflect  .   (helmet restricted)
rElec   .          Harm     .   u - +0 cloak
rCorr   .          Rampage  .   (no gloves)
Will    ++...                   D - +0 pair of boots
Stlth   ..........              (no amulet)
HPRegen 1.26/turn               (no ring)
MPRegen 0.11/turn               (no ring)

@: berserking, strong-willed, regenerating, heavily drained, very quick
A: horns 2, retaliatory headbutt
a: Renounce Religion, Berserk, Trog's Hand


You were in a bailey.
You worshipped Trog.
Trog was most pleased with you.
You visited 2 branches of the dungeon, and saw 8 of its levels.
You also visited: Bailey.

You collected 352 gold pieces.

Inventory:

Hand Weapons
 a - a +0 war axe (weapon)
Armour
 b - a +0 plate armour (worn)
 u - a +0 cloak (worn)
 D - a +0 pair of boots (worn)
Jewellery
 v - a ring of protection from cold
Wands
 q - a wand of quicksilver (7)
 B - a wand of digging (6)
Scrolls
 c - 3 scrolls of vulnerability {unknown}
 e - 4 scrolls of identify {unknown}
 i - a scroll of brand weapon {unknown}
 m - 3 scrolls of enchant armour {unknown}
 n - a scroll of enchant weapon {unknown}
 p - a scroll of magic mapping {unknown}
 r - 2 scrolls of poison {unknown}
 s - 4 scrolls of teleportation {unknown}
 x - a scroll of fear {unknown}
 y - 2 scrolls of torment {unknown}
 C - a scroll of immolation {unknown}
Potions
 d - 4 potions of might
 f - a potion of berserk rage {unknown}
 g - 6 potions of haste
 h - 2 potions of resistance
 j - 8 potions of heal wounds {unknown}
 k - a potion of flight {unknown}
 l - 2 potions of attraction {unknown}
 o - 3 potions of curing
 t - a potion of ambrosia {unknown}
 w - a potion of mutation {unknown}
 z - a potion of brilliance {unknown}
 A - a potion of cancellation {unknown}


   Skills:
 + Level 8.2 Fighting
 * Level 11.0 Axes
 + Level 7.7 Armour
 + Level 7.0 Dodging


You had 8 spell levels left.
You didn't know any spells.
Your spell library was empty.

Dungeon Overview and Level Annotations

Branches:
Dungeon (7/15)             Temple (1/1) D:5          Bailey (1/1)

Altars:
Ashenzari
Dithmenos
Elyvilon
Fedhas
Gozag
Hepliaklqana
Kikubaaqudgha
Makhleb
Okawaru
Qazlal
Ru
Sif Muna
Trog
Uskayaw
Vehumet
Wu Jian
Xom
Yredelemnul
Zin
The Shining One

Shops:
D:5 :


Innate Abilities, Weirdness & Mutations

You have a pair of horns on your head.
You reflexively headbutt those who attack you in melee.


Message History

Unknown command.
You slice the orc knight!! Your headbutt misses the orc knight.
The orc knight is severely wounded.
You hit the orc but do no damage. You hit the orc.
The orc hits you but does no damage. The orc barely misses you.
The orc drinks a potion.
The orc seems to grow stronger.
The gnoll barely misses you.
Unknown command.
You slash the orc!
You kill the orc!
Trog accepts your kill.
You closely miss the orc knight. You slash the orc!
You kill the orc!
Trog accepts your kill. The orc barely misses you. The orc closely misses you.
The gnoll hits you from afar with a +0 halberd of electrocution.
You slash the orc knight!
The orc knight is severely wounded.
The orc knight hits you with a +0 halberd!!
* * * LOW HITPOINT WARNING * * *
Unknown command.
You hit the orc knight. Your headbutt misses the orc knight.
The orc knight is almost dead.
The orc hits you but does no damage.
The gnoll hits you from afar with a +0 halberd of electrocution.
* * * LOW HITPOINT WARNING * * *
You are electrocuted!
* * * LOW HITPOINT WARNING * * *
The orc hits you but does no damage.
The orc knight roars a battlecry!
The orc goes into a battle-frenzy!
You slash the orc knight!
You feel the power of Trog in you as your rage grows.
You kill the orc knight!
Trog accepts your kill.
The orc hits you from afar with a +0 halberd.
* * * LOW HITPOINT WARNING * * *
The orc hits you but does no damage.
The gnoll hits you from afar with a +0 halberd of electrocution.
You die...

## ### ##### #.#
#.###)'.## #
#'##'##'###)##'##'#
#....)## ##@)o.!#
###.....### #))...#
#.'..⌠..'.# go.⌠..'.#
###.)...#####.....###
##)....# #..!..#
##)##)##'# #'##'##'#
#)###.# #.#g# .# #.#
#'# ### ##### ### ###
#)###.###.#)###)###.#


You could see a gnoll (resistant) and 2 orcs.

Vanquished Creatures
  An orc knight (Bailey)
  Pikel (D:7)
  Prince Ribbit (D:6)
  Grinder (D:3)
  A wyvern (D:7)
  Eustachio (D:6)
  A water moccasin (D:7)
  Duvessa (D:6)
  An ice beast (D:5)
  A black bear (D:4)
  A centaur (D:5)
  4 ogres
  3 lemures (D:7)
  2 kobold brigands (D:7)
  3 bullfrogs
  A necrophage (D:6)
  A scorpion (D:6)
  Dowan (D:6)
  A howler monkey (D:6)
  A jelly (D:6)
  3 orc priests
  A gnoll bouda (D:6)
  4 iguanas
  7 orc wizards
  Terence (D:2)
  14 gnolls
  11 adders
  A shadow imp (D:6)
  An ufetubus (D:6)
  3 worms
  3 dart slugs
  29 orcs
  7 ball pythons
  9 endoplasms
  6 goblins
  6 hobgoblins
  A quokka (D:4)
  2 bats
  A frilled lizard (D:2)
  10 kobolds
  A rat (D:3)
149 creatures vanquished.

Vanquished Creatures (others)
  3 toadstools (D:1)
3 creatures vanquished.

Grand Total: 152 creatures vanquished

Notes
Turn   | Place    | Note
-------+----------+-------------------------------------------
     0 | D:1      | Zeld the Minotaur Berserker began the quest for the Orb.
     0 | D:1      | Reached XP level 1. HP: 19/19 MP: 0/0
   401 | D:1      | Reached XP level 2. HP: 26/27 MP: 1/1
   405 | D:1      | Reached skill level 4 in Axes
   527 | D:1      | Found a faded altar of an unknown god.
  1525 | D:2      | Noticed Terence
  1535 | D:2      | Killed Terence
  1536 | D:2      | Reached XP level 3. HP: 23/33 MP: 2/2
  2937 | D:3      | Noticed Grinder
  2948 | D:3      | Killed Grinder
  2949 | D:3      | Reached skill level 5 in Axes
  2949 | D:3      | Reached XP level 4. HP: 16/41 MP: 3/3
  2949 | D:3      | Reached XP level 5. HP: 18/47 MP: 4/4
  3367 | D:3      | Reached XP level 6. HP: 54/55 MP: 5/5
  3729 | D:4      | Reached skill level 5 in Fighting
  3739 | D:4      | Reached skill level 6 in Axes
  4294 | D:4      | Reached XP level 7. HP: 56/61 MP: 6/6
  4800 | D:5      | Entered Level 5 of the Dungeon
  5220 | D:5      | Reached skill level 7 in Axes
  5270 | D:5      | Reached skill level 5 in Armour
  5597 | D:5      | Reached ** piety under Trog
  5738 | D:5      | Found a staircase to the Ecumenical Temple.
  5756 | D:5      | Reached XP level 8. HP: 18/70 MP: 7/7
  5758 | D:5      | Reached skill level 5 in Dodging
  6005 | Temple   | Entered the Ecumenical Temple
  6400 | D:5      | Found Byto's Book Boutique.
  6565 | D:6      | Reached skill level 8 in Axes
  6957 | D:6      | Noticed Eustachio
  6984 | D:6      | Killed Eustachio
  7140 | D:6      | Reached skill level 9 in Axes
  7507 | D:6      | Noticed Duvessa
  7507 | D:6      | Noticed Dowan
  7512 | D:6      | Killed Duvessa
  7516 | D:6      | Killed Dowan
  7811 | D:6      | Noticed Prince Ribbit
  7833 | D:6      | Killed Prince Ribbit
  7834 | D:6      | Reached XP level 9. HP: 11/79 MP: 8/8
  8211 | D:7      | Noticed Pikel
  8224 | D:7      | Killed Pikel
  8225 | D:7      | Reached skill level 10 in Axes
  8269 | D:7      | Found a hazy altar of Hepliaklqana.
  8296 | D:7      | Identified the +1 ring mail of the Armoured One {rCorr
                  | Stlth+}
  8443 | D:7      | Reached *** piety under Trog
  8689 | D:7      | Found a flagged portal.
  8697 | Bailey   | Entered a bailey
  9506 | Bailey   | Noticed an orc knight
  9508 | Bailey   | Reached skill level 11 in Axes
  9516 | Bailey   | HP: 4/100 [gnoll/+0 halberd of electrocution (9)]
  9517 | Bailey   | Killed an orc knight
  9517 | Bailey   | HP: 1/100 [orc/+0 halberd (4)]
  9517 | Bailey   | Slain by a gnoll

Illustrated notes

Levels and vault maps discovered:
D:1:      dpeg_arrival_three_smaller_balls, layout_basic,
          ebering_ecumenical_altar_sacrificial, minmay_gold_behind_fungi
D:2:      layout_loops_corners, uniq_terence
D:3:      layout_loops_ring, kennysheep_generic_room_11, uniq_grinder
D:4:      layout_basic
D:5:      layout_cave_pools, temple_hall, serial_shops, shop
D:6:      dreamdust_elfheim, layout_basic, bh_walls_and_bars,
          uniq_prince_ribbit1, uniq_eustachio
D:7:      minmay_blocky_corners, layout_rooms, general_overflow_altar,
          lightli_bailey_entry_fortress, uniq_menkaure, uniq_pikel
Temple:   compressed_dpeg_triangle_lava_temple
Bailey:   bailey_polearm_nasty_gnolls, bailey

Skill      XL: |  1  2  3  4  5  6  7  8  9 |
---------------+----------------------------+-----
Axes           | 4 5 6 7 9 11 | 11.0
Fighting       | 4 5 6 7 8 |  8.2
Armour         | 3 4 5 6 7 |  7.7
Dodging        | 3 4 6 7 |  7.0

Action                   |  1- 3 |  4- 6 |  7- 9 || total
-------------------------+-------+-------+-------++-------
Melee: Hand axe          |    74 |    29 |       ||   103
       Headbutt          |     6 |     6 |    52 ||    64
       War axe           |       |    28 |   258 ||   286
       Punch             |       |       |     2 ||     2
Invok: Berserk           |     3 |     2 |     5 ||    10
       Trog's Hand       |       |       |     1 ||     1
 Stab: Sleeping          |     1 |       |       ||     1
Armor: Animal skin       |     7 |     7 |       ||    14
       Plate armour      |       |     9 |   198 ||   207
Dodge: Dodged            |    41 |    33 |   142 ||   216
